 Dungeon Crawl Stone Soup version 0.31-a0-986-g5e6e4ef867 (webtiles) character file.

Game seed: 8897964446355094816

46414 gelatine the Cleaver (level 14, -14/108 HPs)
             Began as a Demonspawn Fighter on Nov 18, 2023.
             Was a Follower of Jiyva.
             Demolished by a komodo dragon (26 damage)
             ... on level 5 of the Lair of Beasts.
             The game lasted 00:53:36 (17412 turns).

gelatine the Cleaver (Demonspawn Fighter)          Turns: 17412, Time: 00:53:37

Health: -14/108    AC: 12    Str: 22    XL:     14   Next: 4%
Magic:  0/25       EV: 18    Int: 10    God:    Jiyva [*.....]
Gold:   1695       SH: 10    Dex: 12    Spells: 23/27 levels left

rFire   . . .        z - +16 obsidian axe {drain, demonic, Mesm Drain Fly SInv}
rCold   . . .        Q - +0 kite shield of Hyhaujel {rElec rN+}
rNeg    + . .        T - +0 troll leather armour
rPois   .            (helmet unavailable)
rElec   +            v - +0 cloak
rCorr   .            m - +0 pair of gloves
SInv    +            I - +2 pair of boots
Will    +....        (no amulet)
Stlth   +            n - +5 ring of evasion
HPRegen 1.98/turn    w - ring of see invisible
MPRegen 0.63/turn

%: guardian spirit
@: flying, mesmerised
A: antennae 3, molten scales 1, ignite blood 1, magic shield, magic regeneration
a: Renounce Religion


You were on level 5 of the Lair of Beasts.
You worshipped Jiyva.
Jiyva was aware of your devotion.
You visited 3 branches of the dungeon, and saw 18 of its levels.
You visited the Abyss 1 time.
You also visited: Bailey.

You collected 1795 gold pieces.
You spent 100 gold pieces at shops.

Inventory:

Hand Weapons
 a - a +3 war axe of freezing
 z - the +16 obsidian axe (weapon) {drain, demonic, Mesm Drain Fly SInv}
   (You acquired it on level 11 of the Dungeon)

   Mesm:      Its wielder is mesmerised by any visible foes, and it cannot be
   unequipped while any foes are visible.
   SInv:      It lets you see invisible.
   Fly:       It grants you flight.
   Drain:     It drains your maximum health when unequipped.
 G - the +12 hand axe of Intimidation {venom, rElec rCorr}
   (You found it on level 9 of the Dungeon)

   rElec:     It insulates you from electricity.
   rCorr:     It protects you from acid and corrosion.
 K - the +8 shortbow of the Spider {elec, rElec rPois rN+}
   (You took it off a kobold in a bailey)

   rElec:     It insulates you from electricity.
   rPois:     It protects you from poison rN+: It protects you from negative
   energy.
Missiles
 f - 9 poisoned darts
 i - 13 boomerangs (quivered)
 A - 2 throwing nets
 O - 3 curare-tipped darts
 P - 9 atropa-tipped darts
Armour
 c - a +1 buckler
 m - a +0 pair of gloves (worn)
 r - a +1 ring mail of fire resistance
 v - a +0 cloak (worn)
 D - a scarf of invisibility
 I - a +2 pair of boots (worn)
 Q - the +0 kite shield of Hyhaujel (worn) {rElec rN+}
   (You acquired it on level 1 of the Lair of Beasts)

   rElec:     It insulates you from electricity.
   rN+:       It protects you from negative energy.
 T - a +0 troll leather armour (worn)
 V - the +3 leather armour of Tempters {SInv}
   (You found it on level 2 of the Lair of Beasts)

   SInv:      It lets you see invisible.
Magical Staves
 b - a staff of conjuration
Jewellery
 g - a ring of ice
 n - a +5 ring of evasion (left hand)
 p - an amulet of faith
 s - a ring of wizardry
 w - a ring of see invisible (right hand)
 E - a ring of poison resistance
 F - a ring of protection from fire
 M - a ring of magical power
Wands
 B - a wand of charming (20)
 C - a wand of acid (10)
 H - a wand of polymorph (6)
 N - a wand of flame (31)
 Y - a wand of roots (4)
Scrolls
 j - 2 scrolls of amnesia
 k - 2 scrolls of revelation
 u - 3 scrolls of immolation
 x - 2 scrolls of fog
 y - 8 scrolls of poison
 S - 2 scrolls of noise
 U - 2 scrolls of teleportation
 W - a scroll of silence
 X - a scroll of vulnerability
Potions
 d - 3 potions of might
 e - a potion of brilliance {unknown}
 l - 3 potions of attraction
 o - 4 potions of enlightenment
 q - 3 potions of cancellation
 t - 8 potions of curing
 J - 2 potions of mutation {unknown}
 L - 3 potions of magic {unknown}
 R - a potion of haste
 Z - a potion of lignification {unknown}


   Skills:
 * Level 9.5 Fighting
 * Level 10.4(10.8) Axes
 + Level 4.7(8.2) Maces & Flails
 + Level 4.0 Throwing
 * Level 8.0 Armour
 * Level 7.0 Dodging
 + Level 1.1 Stealth
 * Level 7.9 Shields
 * Level 7.3 Spellcasting
 * Level 7.3 Poison Magic
 * Level 8.0 Evocations


You had 23 spell levels left.
You knew the following spells:

 Your Spells              Type           Power      Damage    Failure   Level
a - Olgreb's Toxic Radia  Pois           18%        N/A       21%         4

Your spell library contained the following spells:

 Spells                   Type           Power      Damage    Failure   Level
 Sting                    Tmut/Pois      40%        1d5       9%          1
 Poisonous Vapours        Pois/Air       20%        N/A       14%         2
 Freeze                   Ice            12%        1d3       36%         1
 Magic Dart               Conj           12%        1d3       36%         1
 Slow                     Hex            12%        N/A       36%         1
 Ensorcelled Hibernation  Hex/Ice        6%         N/A       52%         2
 Jinxbite                 Hex            6%         N/A       52%         2
 Searing Ray              Conj           6%         2d4       52%         2
 Confusing Touch          Hex            3%         N/A       75%         3
 Frozen Ramparts          Ice            6%         1d1       75%         3
 Gell's Gravitas          Tloc           3%         N/A       75%         3
 Hailstorm                Conj/Ice       3%         3d3       75%         3
 Sigil of Binding         Hex            3%         N/A       75%         3
 Teleport Other           Tloc           3%         N/A       75%         3
 Tukima's Dance           Hex            3%         N/A       75%         3
 Vampiric Draining        Necr           3%         2d6       75%         3
 Anguish                  Hex/Necr       1%         N/A       98%         4
 Dimensional Bullseye     Hex/Tloc       1%         N/A       98%         4
 Fulminant Prism          Conj/Hex       1%         3d5       98%         4
 Iskenderun's Mystic Bla  Conj/Tloc      3%         2d3       98%         4
 Dispersal                Tloc           1%         N/A       100%        6


Dungeon Overview and Level Annotations

Branches:
Dungeon (12/15)            Temple (1/1) D:4            Lair (5/5) D:10
 Shoals (0/4) Lair:3        Snake (0/4) Lair:2        Slime (0/5) Lair:4
    Orc (0/2) D:12         Bailey (visited)

Altars:
Ashenzari
Cheibriados
Dithmenos
Fedhas
Gozag
Hepliaklqana
Kikubaaqudgha
Makhleb
Nemelex Xobeh
Okawaru
Qazlal
Ru
Sif Muna
Trog
Uskayaw
Vehumet
Wu Jian
Xom
Yredelemnul
Jiyva

Shops:
D:2 (   D:5 *

Annotations:
D:11 2 transporters, lotum's ghost, journeyman TrSh
Lair:5 Nessos


Innate Abilities, Weirdness & Mutations

You have a pair of large antennae on your head. (SInv)
You are partially covered in molten scales. (AC +2)
Your demonic aura sometimes causes spilled blood to erupt in flames.
When hurt, damage is shared between your health and your magic reserves.
You regenerate magic rapidly.


Message History

You feel very sick.
Nessos shoots an arrow.
The arrow hits you!
* * * LOW HITPOINT WARNING * * *
The arrow burns you.
You are more poisoned.
* * * LOW HITPOINT WARNING * * *
Nessos mumbles some strange words.
Nessos blinks!
You feel better.
Visions of slaying Nessos flood into your mind.
Nessos shoots an arrow.
You block the arrow.
Nessos gestures wildly while chanting.
Nessos blinks!
You feel better.
Your surroundings suddenly seem different.
A death yak, 5 dream sheep and 2 komodo dragons come into view.
Found a club.
You break out of your daze!
The death yak bellows!
The dream sheep bleats! x2
The komodo dragon hisses angrily.
You hear a bellow! x2; You hear a croak.
The dream sheep are wreathed in dream dust.
You feel drowsy...
You fall asleep.
A dream sheep comes into view.
An elephant comes into view.
A death yak comes into view.
The dream sheep bleats!
Visions of slaying the dream sheep flood into your mind.
You hear a bellow!
You hear a loud, deep croak!
You hear an angry hiss.
A water moccasin comes into view.
A death yak comes into view.
A yak comes into view. x2
The yak bellows! x2; The dream sheep bleats!
A dream sheep comes into view.
A death yak comes into view. x2
The dream sheep bleats!
You hear a bellow!
The dream sheep bites you!!
You wake up.
* * * LOW HITPOINT WARNING * * *
An electric eel comes into view.
A yak comes into view.
Unknown command.
You barely miss the dream sheep. You barely miss the komodo dragon.
The death yak bellows!
You hear a bellow!
The komodo dragon bites you!!
You die...

...#
P............##
...............
............P#.
...............
...............
)..............
.......l.......
....Y..@.......
.YY..YY........
..YYYY.l.......
Y.Y............
.Y.YY..........
Y.Y......♣.....
..~~.~~.~~P....
...~S.~~~~~P...


You could see 5 death yaks, an elephant, 2 komodo dragons, 3 yaks, 7 dream sheep
and an electric eel.

Vanquished Creatures
  Josephine (D:10)
  Erolcha (D:9)
  3 hydras
  6 two-headed ogres
  Urug (Lair:5)
  Nergalle (Lair:3)
  Amaemon (D:8)
  Pikel (D:9)
  An orc knight (Bailey)
  An ugly thing (D:10)
  A cyclops (D:12)
  2 manticores
  Maurice (D:9)
  A merfolk siren (Lair:3)
  2 black mambas (Lair:3)
  6 elephants (Lair:3)
  2 torpor snails
  An orange demon (D:8)
  5 rime drakes
  An unseen horror (D:7)
  10 cane toads
  Psyche (D:12)
  10 komodo dragons
  A polar bear (Lair:4)
  A troll (D:11)
  2 hornets
  Prince Ribbit (D:6)
  18 blink frogs
  3 dream sheep (Lair:3)
  5 slime creatures (D:10)
  2 shadows
  4 wraiths
  36 yaks
  2 wyverns
  7 vampire mosquitoes (D:11)
  A steam dragon (D:7)
  A naga (Lair:2)
  An acid dragon (D:9)
  13 water moccasins
  A hornet zombie (D:5)
  12 orc warriors
  3 black bears
  An ice beast (D:8)
  An ogre (D:6)
  5 wolves
  3 centaurs
  2 lemures (D:9)
  2 phantoms
  3 kobold brigands
  A wyvern zombie (D:5)
  3 scorpions
  17 bullfrogs
  A gnoll sergeant (D:6)
  A water moccasin zombie (D:5)
  8 wights
  12 killer bees (D:9)
  8 howler monkeys
  An electric eel (D:11)
  4 centaur zombies (D:5)
  A bullfrog zombie (D:5)
  3 hounds
  5 jellies
  A bullfrog skeleton (D:5)
  8 orc priests
  A gnoll bouda (D:6)
  7 orc wizards
  2 scorpion zombies (D:5)
  Terence (D:2)
  A hell rat (Lair:3)
  A killer bee zombie (D:5)
  A hound zombie (D:5)
  8 adders
  15 gnolls
  A howler monkey skeleton (D:5)
  11 river rats (Lair:3)
  A shadow imp (D:7)
  3 white imps
  4 ufetubi
  A worm (D:2)
  2 dart slugs
  21 orcs
  5 ball pythons
  4 bats
  An endoplasm (D:4)
  3 giant cockroaches
  10 goblins
  9 hobgoblins
  3 jackals (D:3)
  A quokka (D:5)
  2 frilled lizards
  25 kobolds
  3 rats
412 creatures vanquished.

Vanquished Creatures (collateral kills)
  6 cane toads
  A komodo dragon (Lair:5)
  A blink frog (Lair:5)
  A polar bear (Lair:2)
  2 yaks (Lair:2)
  A naga (Lair:2)
  2 water moccasins
  2 wolves (Lair:2)
  A hell rat (Lair:3)
  A river rat (Lair:3)
18 creatures vanquished.

Vanquished Creatures (others)
  6 jellies
6 creatures vanquished.

Grand Total: 436 creatures vanquished

Notes
Turn   | Place    | Note
-------+----------+-------------------------------------------
     0 | D:1      | gelatine the Demonspawn Fighter began the quest for the
                  | Orb.
     0 | D:1      | Reached XP level 1. HP: 18/18 MP: 1/1
   367 | D:1      | Gained mutation: You regenerate magic rapidly. [demonic
                  | ancestry]
   367 | D:1      | Reached XP level 2. HP: 24/24 MP: 2/2
   703 | D:2      | Found a faded altar of an unknown god.
   706 | D:2      | Noticed a scorpion
   724 | D:2      | Reached skill level 2 in Axes
   724 | D:2      | Gained mutation: Your demonic aura sometimes causes spilled
                  | blood to erupt in flames. [demonic ancestry]
   724 | D:2      | Reached XP level 3. HP: 21/29 MP: 3/3
   732 | D:2      | Killed a scorpion
   733 | D:2      | Gained mutation: When hurt, damage is shared between your
                  | health and your magic reserves. [demonic ancestry]
   733 | D:2      | Reached XP level 4. HP: 24/36 MP: 4/4
   867 | D:2      | Found Fusaninu's Antique Weapon Boutique.
  1139 | D:2      | Noticed Terence
  1157 | D:2      | Killed Terence
  1158 | D:2      | Reached skill level 1 in Dodging
  1158 | D:2      | Gained mutation: You have a pair of small antennae on your
                  | head. [demonic ancestry]
  1158 | D:2      | Reached XP level 5. HP: 35/42 MP: 5/5
  1496 | D:3      | Reached skill level 3 in Axes
  2655 | D:4      | Learned a level 4 spell: Olgreb's Toxic Radiance
  2743 | D:4      | Found a staircase to the Ecumenical Temple.
  2755 | D:4      | Reached XP level 6. HP: 48/48 MP: 6/6
  2758 | Temple   | Entered the Ecumenical Temple
  3001 | D:5      | Entered Level 5 of the Dungeon
  3395 | D:5      | Reached skill level 1 in Spellcasting
  3514 | D:5      | Reached skill level 1 in Maces & Flails
  3566 | D:5      | Reached skill level 1 in Poison Magic
  3612 | D:5      | Found a shadowy altar of Dithmenos.
  3701 | D:5      | Reached XP level 7. HP: 51/54 MP: 8/8
  3824 | D:5      | Reached skill level 1 in Evocations
  3993 | D:5      | Found Yfowivie's Assorted Antiques.
  3996 | D:5      | Bought a green potion for 15 gold pieces
  3996 | D:5      | Bought a notched agate ring for 85 gold pieces
  4036 | D:5      | Reached XP level 8. HP: 56/60 MP: 8/11
  4540 | D:6      | Noticed Prince Ribbit
  4555 | D:6      | Killed Prince Ribbit
  4556 | D:6      | Reached skill level 1 in Throwing
  4690 | D:6      | Reached skill level 5 in Armour
  4698 | D:6      | Reached skill level 5 in Fighting
  5158 | D:6      | Found a broken altar of Ashenzari.
  5158 | D:6      | Found an iron altar of Okawaru.
  5313 | D:7      | Gained mutation: You are partially covered in molten
                  | scales. (AC +2) [demonic ancestry]
  5313 | D:7      | Reached XP level 9. HP: 19/68 MP: 5/13
  5576 | D:7      | Noticed an unseen horror
  5578 | D:7      | Killed an unseen horror
  6559 | D:8      | Noticed Amaemon
  6559 | D:8      | Noticed an orange demon
  6874 | D:8      | Reached skill level 4 in Axes
  6985 | D:8      | Gained mutation: You have a pair of antennae on your head.
                  | [demonic ancestry]
  6985 | D:8      | Reached XP level 10. HP: 71/77 MP: 15/15
  7125 | D:8      | Killed Amaemon
  7126 | D:8      | Reached skill level 5 in Shields
  7386 | D:8      | Killed an orange demon
  7592 | D:9      | Noticed Maurice
  7650 | D:9      | Killed Maurice
  7759 | D:9      | Reached skill level 5 in Axes
  7823 | D:9      | Noticed a two-headed ogre
  7830 | D:9      | Noticed Erolcha
  7837 | D:9      | Found a flagged portal.
  7840 | D:9      | Identified the +12 hand axe of Intimidation {venom, rElec
                  | rCorr}
  7847 | Bailey   | Entered a bailey
  8104 | Bailey   | Identified the +8 shortbow of the Spider {elec, rElec rPois
                  | rN+}
  8178 | Bailey   | Noticed an orc knight
  8197 | Bailey   | Killed an orc knight
  8198 | Bailey   | Reached skill level 5 in Poison Magic
  8527 | D:9      | Killed a two-headed ogre
  8528 | D:9      | Reached XP level 11. HP: 28/84 MP: 8/17
  8778 | Abyss:1  | Cast into level 1 of the Abyss (Erolcha)
  8835 | Abyss:1  | Found a corrupted altar of Lugonu.
  8839 | Abyss:1  | Found a corrupted altar of Lugonu.
  8867 | Abyss:1  | Noticed a white draconian
  8869 | Abyss:1  | Noticed a wretched star
  8895 | D:9      | Escaped the Abyss
  8913 | D:9      | Killed Erolcha
  8914 | D:9      | Reached skill level 5 in Dodging
  9261 | D:9      | Noticed Pikel
  9273 | D:9      | Killed Pikel
  9274 | D:9      | Reached skill level 5 in Evocations
  9634 | D:10     | Entered Level 10 of the Dungeon
  9634 | D:10     | Noticed Josephine
  9735 | D:10     | Noticed a two-headed ogre
  9741 | D:10     | Killed a two-headed ogre
  9835 | D:10     | Noticed a red ugly thing
  9838 | D:10     | Found a staircase to the Lair.
  9859 | D:10     | Killed a red ugly thing
  9900 | D:10     | Reached skill level 6 in Axes
 10053 | D:10     | Noticed a two-headed ogre
 10075 | D:10     | HP: 4/83 [two-headed ogre/+0 giant spiked club (23)]
 10686 | D:10     | Killed Josephine
 10885 | D:10     | Killed a two-headed ogre
 10886 | D:10     | Reached skill level 5 in Spellcasting
 10929 | D:10     | Noticed a two-headed ogre
 10937 | D:10     | Killed a two-headed ogre
 11076 | D:10     | Gained mutation: You have a pair of large antennae on your
                  | head. (SInv) [demonic ancestry]
 11076 | D:10     | Reached XP level 12. HP: 35/92 MP: 9/19
 11285 | D:11     | Found a transporter.
 11285 | D:11     | Noticed lotum's ghost (journeyman TrSh)
 11286 | D:11     | Noticed a fire dragon
 11303 | D:11     | Noticed a two-headed ogre
 11314 | D:11     | Killed a two-headed ogre
 11315 | D:11     | Reached skill level 7 in Axes
 11452 | D:11     | Found a transporter.
 11791 | D:11     | Noticed a two-headed ogre
 11800 | D:11     | Killed a two-headed ogre
 12339 | D:11     | Identified a scroll of acquirement
 12397 | D:12     | Found a staircase to the Orcish Mines.
 13265 | D:12     | Noticed Psyche
 13273 | D:12     | Killed Psyche
 13654 | Lair:1   | Entered Level 1 of the Lair of Beasts
 13672 | Lair:1   | Reached skill level 8 in Axes
 14472 | Lair:1   | Acquired the +16 obsidian axe {drain, demonic, Mesm Drain
                  | Fly SInv}
 14472 | Lair:1   | Found the +16 obsidian axe {drain, demonic, Mesm Drain Fly
                  | SInv}
 14473 | Lair:1   | Identified the "Lole" (You acquired it on level 1 of the
                  | Lair of Beasts)
 14473 | Lair:1   | Acquired the +0 kite shield of Hyhaujel {rElec rN+}
 14770 | Lair:2   | Identified the +3 leather armour of Tempters {SInv}
 14803 | Lair:2   | Reached XP level 13. HP: 51/99 MP: 5/22
 15058 | Lair:2   | Found a staircase to the Snake Pit.
 15480 | Lair:3   | Reached skill level 9 in Axes
 15506 | Lair:3   | Noticed Nergalle
 15511 | Lair:3   | Killed Nergalle
 16192 | Lair:3   | Found a staircase to the Shoals.
 16543 | Lair:4   | Found a staircase to the Slime Pits.
 16544 | Lair:4   | Found a viscous altar of Jiyva.
 16552 | Lair:4   | Became a worshipper of Jiyva Jukk the Shapeless
 17187 | Lair:5   | Entered Level 5 of the Lair of Beasts
 17187 | Lair:5   | Reached * piety under Jiyva
 17193 | Lair:5   | Reached skill level 10 in Axes
 17227 | Lair:5   | Noticed Urug
 17239 | Lair:5   | Reached skill level 1 in Stealth
 17240 | Lair:5   | Killed Urug
 17291 | Lair:5   | Reached XP level 14. HP: 88/108 MP: 15/24
 17393 | Lair:5   | Noticed Nessos
 17412 | Lair:5   | Demolished by a komodo dragon

Illustrated notes

Levels and vault maps discovered:
D:1:      kennysheep_arrival_forest, layout_rooms, serial_park_tiny_pond
D:2:      layout_loops_cross, basic_altar, ebering_ecumenical_altar_webs,
          serial_shops, shop, minivault_5, minmay_pentomino_q2, uniq_terence
D:3:      layout_basic, nicolae_elevator_lobby_plus
D:4:      layout_basic, minmay_temple_entry_glassed_door
D:5:      layout_gridville, gammafunk_temple_overflow_elements, serial_shops,
          nicolae_shop_behind_doors, serial_undead, serial_undead_f,
          serial_undead_f, serial_undead_c, serial_undead_d, serial_undead_f,
          serial_undead_d, kennysheep_generic_room_15
D:6:      layout_loops_ring, gammafunk_temple_overflow_statue,
          amethyst_killhole, minmay_misc_feat_secret_circle, uniq_prince_ribbit1
D:7:      layout_rooms, kennysheep_boxes
D:8:      layout_rooms, uniq_amaemon
D:9:      layout_basic, enter_bailey_2, minmay_misc_feat_five, uniq_erolcha,
          uniq_maurice, uniq_pikel
D:10:     layout_loops_ring, due_lair_maze_entry_diamond, uniq_josephine
D:11:     layout_small_grid, gammafunk_ghost_berserking_beasts, minivault_4
D:12:     layout_cave_pods, minmay_orc_entry_temple_large,
          kennysheep_nondescript, item_on_display_b, uniq_psyche
Temple:   dpeg_three_leaves_temple
Lair:1:   layout_misc_corridors, lemuel_fruit_fields, grunt_megastairs_1
Lair:2:   layout_regular_city, guppyfry_snake_entry_island,
          chequers_serial_rivers_small_b
Lair:3:   layout_regular_city, minmay_shoals_entry_lonely_mermaid,
          kennysheep_rathole, uniq_nergalle
Lair:4:   layout_small_grid, minmay_slime_entry_pillars, serial_bayou_shore_a
Lair:5:   evilmike_catoblepas_cave, layout_layer_cave, serial_bayou_pond_b,
          chequers_serial_rivers_micro_c, minmay_lair_drake_nest,
          grunt_megastairs_5, uniq_urug, uniq_nessos

Skill      XL: |  1  2  3  4  5  6  7  8  9 10 11 12 13 14 |
---------------+-------------------------------------------+-----
Armour         | 3 4 5 6 7 8 |  8.0
Shields        | 3 4 5 6 7 |  7.9
Axes           | 2 3 4 5 6 8 10 | 10.4
Dodging        | 1 2 4 5 6 7 |  7.0
Spellcasting   | 1 2 3 4 5 6 7 |  7.3
Maces & Flails | 1 3 4 |  4.7
Poison Magic   | 1 2 3 4 5 6 7 |  7.3
Fighting       | 4 5 6 7 8 9 |  9.5
Evocations     | 1 2 3 4 5 7 8 |  8.0
Throwing       | 1 2 3 4 |  4.0
Stealth        | 1 |  1.1

Action                     |  1- 3 |  4- 6 |  7- 9 | 10-12 | 13-15 || total
---------------------------+-------+-------+-------+-------+-------++-------
  Melee: War axe           |    54 |   124 |   106 |   101 |       ||   385
         Flail             |       |    96 |   148 |       |       ||   244
         Hand axe          |       |       |       |   413 |       ||   413
         Broad axe         |       |       |       |    12 |   162 ||   174
  Throw: Dart              |       |     4 |    32 |    43 |       ||    79
         Stone             |       |    24 |    18 |       |       ||    42
         Boomerang         |       |       |       |    78 |    22 ||   100
   Cast: Olgreb's Toxic Ra |       |       |       |    12 |    11 ||    23
Ability: Evoke Invisibilit |       |       |       |     1 |       ||     1
  Evoke: Wand              |       |       |       |    12 |     1 ||    13
    Use: Scroll            |       |       |    20 |    11 |     1 ||    32
         Potion            |       |       |       |     2 |     5 ||     7
 Armour: Scale mail        |    11 |       |       |       |       ||    11
         Ring mail         |    39 |   173 |   203 |   253 |       ||   668
         Troll leather arm |       |       |       |    39 |   112 ||   151
  Dodge: Dodged            |    42 |   273 |   277 |   379 |   122 ||  1093
  Block: Buckler           |    12 |    81 |   107 |   151 |       ||   351
         Kite shield       |       |       |       |     3 |    88 ||    91

Table legend: (Time is in decaauts)
 A = Elapsed time spent in this place.
 B = Non-inter-level travel time spent in this place.
 C = Inter-level travel time spent in this place.
 D = Time resting spent in this place.
 E = Time spent auto-exploring this place.
 F = Levels seen in this place.
 G = Mean time per level.
                   A        B        C        D        E       F      G
               +--------+--------+--------+--------+--------+-----+--------+
         Total |  17692 |  17089 |    603 |      0 |  12988 |  20 |  884.6 |
       Dungeon |  13106 |  12640 |    466 |      0 |   9629 |  12 | 1092.2 |
        Temple |      1 |      1 |      0 |      0 |      0 |   1 |    1.0 |
          Lair |   3796 |   3659 |    137 |      0 |   2827 |   5 |  759.2 |
         Abyss |    116 |    116 |      0 |      0 |     72 |   1 |  116.0 |
        Bailey |    670 |    670 |      0 |      0 |    459 |   1 |  670.0 |
               +--------+--------+--------+--------+--------+-----+--------+

Top non-repeatable levels by time:
    D:10: 1584 daAuts
     D:9: 1392 daAuts
     D:6: 1353 daAuts
    D:12: 1221 daAuts
     D:3: 1144 daAuts
    D:11: 1129 daAuts
     D:7: 1034 daAuts
     D:5: 1019 daAuts
     D:8: 978 daAuts
  Lair:3: 965 daAuts
     D:2: 905 daAuts
  Lair:2: 890 daAuts
  Lair:1: 864 daAuts
  Lair:4: 844 daAuts
     D:4: 813 daAuts
